 Dungeon Crawl Stone Soup version 0.32-a0-172-gc5dd13f2a7 (webtiles) character file.

Game seed: 316485119891645945

4 Bravepunisher the Ducker (level 1, -5/11 HPs)
             Began as a Spriggan Monk on Feb 12, 2024.
             Killed from afar by a white imp (11 damage)
             ... with a puff of frost
             ... on level 5 of the Dungeon.
             The game lasted 00:03:09 (659 turns).

Bravepunisher the Ducker (Spriggan Monk)             Turns: 659, Time: 00:03:10

Health: -5/11      AC:  2    Str:  7    XL:     1   Next: 50%
Magic:  2/2        EV: 19    Int: 11    God:
Gold:   47         SH:  0    Dex: 17    Spells: 0/0 levels left

rFire   . . .        e - +1 mace (protect)
rCold   . . .        (no shield)
rNeg    . . .        b - +0 robe
rPois   .            (helmet restricted)
rElec   .            (no cloak)
rCorr   .            (gloves unavailable)
SInv    +            (boots unavailable)
Will    .....        (no amulet)
Stlth   ++           (no ring)
HPRegen 0.21/turn    (no ring)
MPRegen 0.08/turn

%: no passive effects
@: very quick
A: very small, no large weapons, unfitting armour, see invisible, speed 3
a: no special abilities


You were on level 5 of the Dungeon.
You visited 1 branch of the dungeon, and saw 6 of its levels.

You collected 47 gold pieces.

Inventory:

Hand Weapons
 e - a +1 mace of protection (weapon)
Armour
 b - a +0 robe (worn)
Jewellery
 j - a +4 ring of protection
Wands
 h - a wand of iceblast (9)
Scrolls
 f - a scroll of enchant armour {unknown}
 i - a scroll of identify {unknown}
Potions
 a - 2 potions of brilliance {unknown}
 c - a potion of ambrosia
 d - a potion of heal wounds {unknown}
 g - 2 potions of curing {unknown}


   Skills:
 + Level 2.5 Fighting
 - Level 3.2 Short Blades
 * Level 4.3 Dodging


You couldn't memorise any spells.
You didn't know any spells.
Your spell library contained the following spells:

 Spells                   Type           Power      Damage    Failure   Level
 Freeze                   Ice            0%         1d3       34%         1
 Frozen Ramparts          Ice            0%         1d1       71%         3
 Hailstorm                Conj/Ice       0%         3d5       71%         3


Dungeon Overview and Level Annotations

Branches:
Dungeon (6/15)
 Temple: D:4-7

Altars:

Annotations:
D:3 3 runed translucent doors, Sigmund; SigmundSlayer's ghost, weakling DsIE


Innate Abilities, Weirdness & Mutations

You are very small and have problems with some larger weapons.
You are too small for most types of armour.
You have supernaturally acute eyesight. (SInv)
You cover ground extremely quickly. (Speed+++)


Message History

Unknown command.
You escape the ball python's grasp.
The quokka attacks as it pursues you! The quokka barely misses you.
You hit the quokka.
Your weapon exudes an aura of protection.
The quokka is heavily wounded.
The quokka barely misses you. The quokka misses you.
You hit the quokka.
You kill the quokka!
The ball python bites you. The ball python misses you.
The hobgoblin completely misses you. The hobgoblin misses you.
There is a stone staircase leading down here.
The hobgoblin hits you.
* * * LOW HITPOINT WARNING * * *
You climb downwards.
Found a glowing helmet and 4 gold pieces.
There is a stone staircase leading up here.
Found 3 scrolls labelled RUMIRE MOQOIRGH.
Found a robe.
The jelly quivers.
You see here a +4 ring of protection.
j - a +4 ring of protection
Found 2 stones.
You see here 3 scrolls labelled RUMIRE MOQOIRGH.
Found an escape hatch in the ceiling.
Found 4 stones.
The jelly jiggles.
Found a brown potion.
The jelly hits you. The acid corrodes you!
You are splashed with acid.
The hobgoblin attacks as it pursues you!
The hobgoblin hits you.
* * * LOW HITPOINT WARNING * * *
You see here 2 stones.
The white imp shouts, "Away with thee, thou unmuzzled weeb-spouting pot-faker!"
You are no longer corroded.
The white imp gestures at you. The puff of frost hits you!
Ouch! That really hurt!
You die...

###...# #.....##
..............##
.......#
#.......(......#
.......##
#..............#
........#
#.........)....##
........##
#...............#
.........#
#..............#
.........##
#..............##
.........[#
#...@...<.......#
..........#
##..............#
..........##
#........5......
...........#
##..............
...........#
#...........###
.[.........##
##......$..##
............#
###.....### ####
............#
#.....#######..##
............##
##....#..........#


You could see a white imp.

Vanquished Creatures
  A goblin (D:4)
  A hobgoblin (D:4)
  A quokka (D:4)
3 creatures vanquished.

Notes
Turn   | Place    | Note
-------+----------+-------------------------------------------
     0 | D:1      | Bravepunisher the Spriggan Monk began the quest for the
                  | Orb.
     0 | D:1      | Reached XP level 1. HP: 11/11 MP: 2/2
    71 | D:3      | Found a runed translucent gate.
    72 | D:3      | Found a runed translucent gate.
    80 | D:3      | Found a runed translucent gate.
    80 | D:3      | Noticed SigmundSlayer's ghost (weakling DsIE)
   110 | D:3      | Noticed Sigmund
   203 | D:4      | Noticed a bombardier beetle
   215 | D:4      | Noticed an orc priest
   218 | D:4      | You fall into a shaft and drop 2 floors!
   239 | D:6      | Noticed an ogre
   250 | D:6      | Noticed a sky beast
   252 | D:6      | Noticed an ice beast
   272 | D:5      | Entered Level 5 of the Dungeon
   291 | D:5      | Noticed a jelly
   560 | D:5      | Noticed a phantom
   659 | D:5      | Killed from afar by a white imp

Illustrated notes

Levels and vault maps discovered:
D:1:      evilmike_arrival_rings, layout_basic,
          shapermc_ecumenical_altar_ellora, serial_glass, glass_columns_a,
          glass_columns_a, minmay_hedge_maze
D:2:      layout_loops_corners, kennysheep_generic_room_6
D:3:      layout_basic, nicolae_elyvilon_peaceful_grove, gammafunk_ghost_split,
          minmay_ogre_servants, uniq_sigmund, uniq_jessica
D:4:      layout_cave_pools, st_stairs_14, minmay_crossroads, uniq_ijyb
D:5:      layout_cave_pods, mainiacjoe_overflow_six_doors_small,
          kennysheep_generic_room_5
D:6:      layout_loops_corners, tgw_kikubaaqudgha

Action                     || total
---------------------------++-------
  Melee: Mace              ||    10
 Armour: Robe              ||    11
  Dodge: Dodged            ||    25

Table legend: (Time is in decaauts)
 A = Elapsed time spent in this place.
 B = Non-inter-level travel time spent in this place.
 C = Inter-level travel time spent in this place.
 D = Time resting spent in this place.
 E = Time spent auto-exploring this place.
 F = Levels seen in this place.
 G = Mean time per level.
                   A        B        C        D        E       F      G
               +--------+--------+--------+--------+--------+-----+--------+
         Total |    439 |    439 |      0 |      0 |    213 |   6 |   73.2 |
       Dungeon |    439 |    439 |      0 |      0 |    213 |   6 |   73.2 |
               +--------+--------+--------+--------+--------+-----+--------+

Top non-repeatable levels by time:
     D:4: 198 daAuts
     D:5: 81 daAuts
     D:3: 73 daAuts
     D:6: 38 daAuts
     D:1: 31 daAuts
     D:2: 15 daAuts
